 Dungeon Crawl Stone Soup version 0.30-a0-782-ge64f9170bb (webtiles) character file.

Game seed: 15148510486010676244

1779853 Flugkiller the Shatterer (level 27, 261/261 HPs)
             Began as a Formicid Necromancer on Feb 24, 2023.
             Was the Champion of Hepliaklqana.
             Escaped with the Orb
             ... and 3 runes!
             The game lasted 02:06:44 (58596 turns).

Flugkiller the Shatterer (Formicid Necromancer)    Turns: 58596, Time: 02:06:45

Health: 261/261    AC: 36    Str: 21 (22) XL:     27
Magic:  28/41      EV: 27    Int: 19      God:    Hepliaklqana [******]
Gold:   2632       SH:  0    Dex: 18      Spells: 12/54 levels left

rFire   + + .      SeeInvis +    V - +9 giant spiked club (protect)
rCold   + . .      Faith    .    (shield currently unavailable)
rNeg    + . .      Spirit   .    (body armour currently unavailable)
rPois   ∞          Reflect  .    (helmet unavailable)
rElec   +          Harm     .    W - scarf {rC+ rF+}
rCorr   +          Rampage  .    (gloves currently unavailable)
Will    ++...      Clarity  +    (boots currently unavailable)
Stlth   +                        i - amulet of regeneration
HPRegen 1.43/turn                A - ring of Vain {rF+ EV+5 Str+3}
MPRegen 0.27/turn                M - ring of Ruroub {rCorr Slay+4}

@: statue-form, under a protective aura, studying 5 skills, very slow
A: slow and powerful, torment resistance 1, boosted hp, reduced essence,
permanent stasis, dig shafts and tunnels, antennae 3, four strong arms,
(iridescent scales 1), clarity, deterioration 1, noise suppression
0: Orb of Zot
}: 3/15 runes: serpentine, barnacled, slimy
a: Dig, Shaft Self, End Transformation, Renounce Religion, Recall Ancestor,
Ancestor Identity, Transference, Idealise


You escaped.
You worshipped Hepliaklqana.
Hepliaklqana was exalted by your worship.
You were a living statue of rough stone.
You visited 11 branches of the dungeon, and saw 53 of its levels.
You visited 1 bazaar.
You also visited: Gauntlet, Ice Cave, Wizlab and Desolation.

You collected 7599 gold pieces.
You spent 4967 gold pieces at shops.

Inventory:

Hand Weapons
 V - a +9 giant spiked club of protection (weapon)
   (You bought it in a shop on level 1 of the Orcish Mines)
Missiles
 a - 7 curare-tipped darts
 S - 7 throwing nets (quivered)
Armour
 g - a +2 robe of the Archmagi (melded)
   (You found it in a wizard's laboratory)
 P - a +2 pair of boots (melded)
   (You found it on level 1 of the Dungeon)
 T - a +2 pair of gloves (melded)
   (You found it on level 4 of the Vaults)
 W - a scarf of resistance (worn)
   (You found it in an ice cave)
Jewellery
 f - the ring of Boecum {rF+ rN+ Int+3}
   (You took it off a deep elf annihilator on level 3 of the Elven Halls)

   [ring of protection from fire]

   Int:       It affects your intelligence (+3).
   rF:        It protects you from fire.
   rN:        It protects you from negative energy.
 i - an amulet of regeneration (around neck)
   (You found it on level 2 of the Lair of Beasts)
 j - a ring of willpower
   (You found it on level 4 of the Realm of Zot)
 m - a ring of willpower
   (You found it on level 8 of the Dungeon)
 p - a +4 ring of protection
   (You found it on level 8 of the Dungeon)
 v - a +5 ring of evasion
   (You took it off an orc on level 7 of the Dungeon)
 z - a +6 ring of strength
   (You found it on level 1 of the Elven Halls)
 A - the ring of Vain (left fist) {rF+ EV+5 Str+3}
   (You bought it in a shop on level 3 of the Elven Halls)

   [ring of evasion]

   EV:        It affects your evasion (+5).
   Str:       It affects your strength (+3).
   rF:        It protects you from fire.
 M - the ring of Ruroub (right fist) {rCorr Slay+4}
   (You found it in a Gauntlet)

   [ring of slaying]

   Slay:      It affects your accuracy & damage with ranged weapons and melee
   (+4).
   rCorr:     It protects you from acid and corrosion.
Wands
 k - a wand of digging (14)
   (You found it on level 3 of the Vaults)
 t - a wand of charming (17)
   (You found it on level 9 of the Dungeon)
 y - a wand of mindburst (32)
   (You found it on level 5 of the Dungeon)
 G - a wand of roots (28)
   (You took it off an orc on level 7 of the Dungeon)
 I - a wand of quicksilver (26)
   (You found it on level 4 of the Dungeon)
Scrolls
 c - 3 scrolls of enchant armour
 e - 7 scrolls of poison
 h - 4 scrolls of fear
 s - 4 scrolls of vulnerability
 x - 2 scrolls of torment
 C - 4 scrolls of amnesia
 F - 9 scrolls of fog
 J - 2 scrolls of butterflies
 L - 6 scrolls of magic mapping
 O - 8 scrolls of immolation
 R - 4 scrolls of silence
Potions
 b - 4 potions of magic
 d - 14 potions of might
 n - 7 potions of resistance
 o - 3 potions of brilliance
 q - 10 potions of curing
 u - a potion of cancellation
 w - 3 potions of heal wounds
 B - 6 potions of ambrosia
 E - 9 potions of flight
 H - 3 potions of invisibility
 N - 9 potions of mutation
 X - 6 potions of attraction
Miscellaneous
 l - a phantom mirror
   (You found it in an ice cave)
 r - a condenser vane
   (You found it on level 2 of the Shoals)
 K - a box of beasts
   (You found it on level 4 of the Shoals)
 Y - a tin of tremorstones (2/2)
   (You found it on level 5 of the Lair of Beasts)
 Z - a phial of floods
   (You found it on level 4 of the Shoals)


   Skills:
 - Level 20.0 Fighting
 - Level 2.0 Short Blades
 - Level 2.6(14.7) Axes
 - Level 21.9(22.0) Maces & Flails
 - Level 15.0 Dodging
 - Level 4.0 Stealth
 - Level 14.0 Spellcasting
 - Level 17.0 Conjurations
 - Level 15.0 Summonings
 - Level 9.0 Necromancy
 + Level 13.9 Translocations
 - Level 13.0 Transmutations
 - Level 16.0 Earth Magic
 - Level 9.0 Invocations
 - Level 8.0 Evocations


You had 12 spell levels left.
You knew the following spells:

 Your Spells              Type           Power      Damage    Failure   Level
a - Necrotise             Necr           100%       1d9       1%          1
b - Lehudib's Crystal Sp  Conj/Erth      33%        10d8      36%         8
c - Agony                 Necr           47%        N/A       3%          5
d - Statue Form           Tmut/Erth      41%        N/A       1%          6
e - Manifold Assault      Tloc           60%        N/A       1%          4
f - Lee's Rapid Deconstr  Erth           32%        3d17*     1%          5
g - Spellforged Servitor  Conj/Summ      32%        N/A       6%          7
i - Irradiate             Conj/Tmut      31%        3d22      1%          5
q - Apportation           Tloc           100%       N/A       0%          1

Your spell library contained the following spells:

 Spells                   Type           Power      Damage    Failure   Level
 Magic Dart               Conj           100%       1d8       0%          1
 Sandblast                Erth           100%       2d20      0%          1
 Summon Small Mammal      Summ           100%       N/A       0%          1
 Call Imp                 Summ           63%        N/A       0%          2
 Stone Arrow              Conj/Erth      100%       3d13      0%          3
 Beastly Appendage        Tmut           100%       N/A       1%          1
 Foxfire                  Conj/Fire      100%       2x1d9     1%          1
 Shock                    Conj/Air       100%       1d9       1%          1
 Sting                    Tmut/Pois      100%       1d8       1%          1
 Lesser Beckoning         Tloc           100%       N/A       1%          2
 Passwall                 Tmut/Erth      51%        N/A       1%          2
 Sublimation of Blood     Necr           47%        N/A       1%          2
 Wereblood                Tmut           58%        N/A       1%          2
 Call Canine Familiar     Summ           63%        N/A       1%          3
 Dazzling Flash           Conj/Hex       90%        N/A       1%          3
 Gell's Gravitas          Tloc           60%        N/A       1%          3
 Hailstorm                Conj/Ice       45%        3d10      1%          3
 Mephitic Cloud           Conj/Pois/Air  34%        N/A       1%          3
 Portal Projectile        Hex/Tloc       78%        N/A       1%          3
 Spider Form              Tmut/Pois      38%        N/A       1%          3
 Summon Guardian Golem    Hex/Summ       41%        N/A       1%          3
 Teleport Other           Tloc           60%        N/A       1%          3
 Vampiric Draining        Necr           47%        2d9       1%          3
 Animate Dead             Necr           47%        N/A       1%          4
 Dispel Undead            Necr           47%        3d18      1%          4
 Flame Wave               Conj/Fire      45%        2d12      1%          4
 Iskenderun's Mystic Bla  Conj/Tloc      64%        2d13      1%          4
 Leda's Liquefaction      Hex/Erth       21%        N/A       1%          4
 Petrify                  Tmut/Erth      62%        N/A       1%          4
 Sticky Flame             Conj/Fire      45%        2d6       1%          4
 Iskenderun's Battlesphe  Conj           67%        2d12      1%          5
 Summon Forest            Summ/Tloc      31%        N/A       1%          5
 Iron Shot                Conj/Erth      33%        9d7       1%          6
 Summon Cactus Giant      Summ           31%        N/A       1%          6
 Cigotuvi's Dreadful Rot  Necr/Pois/Air  48%        N/A       2%          2
 Kindle Blastsparks       Fire/Tloc/Air  62%        2d15      2%          3
 Summon Ice Beast         Ice/Summ       41%        N/A       2%          4
 Dispersal                Tloc           30%        N/A       2%          6
 Ice Form                 Ice/Tmut       38%        N/A       3%          4
 Slow                     Hex            52%        N/A       4%          1
 Fireball                 Conj/Fire      22%        3d10      4%          5
 Summon Mana Viper        Hex/Summ       41%        N/A       6%          5
 Ensorcelled Hibernation  Hex/Ice        26%        N/A       8%          2
 Poisonous Vapours        Pois/Air       26%        N/A       8%          2
 Scorch                   Fire           26%        2d6       8%          2
 Anguish                  Hex/Necr       15%        N/A       8%          4
 Alistair's Intoxication  Tmut/Pois      25%        N/A       10%         5
 Yara's Violent Unravell  Hex/Tmut       19%        3d9       10%         5
 Malign Gateway           Summ/Tloc      31%        N/A       11%         7
 Confusing Touch          Hex            13%        N/A       14%         3
 Frozen Ramparts          Ice            26%        1d4       14%         3
 Inner Flame              Hex/Fire       13%        N/A       14%         3
 Ozocubu's Armour         Ice            13%        N/A       14%         3
 Freezing Cloud           Conj/Ice/Air   17%        6-21      14%         5
 Death Channel            Necr           23%        N/A       19%         6
 Conjure Ball Lightning   Conj/Air       22%        3x3d6     22%         6
 Starburst                Conj/Fire      22%        6d8       22%         6
 Airstrike                Air            6%         2d(1-17)  43%         4
 Olgreb's Toxic Radiance  Pois           13%        N/A       43%         4
 Eringya's Noxious Bog    Tmut/Pois      19%        N/A       45%         6
 Disjunction              Tloc           30%        N/A       71%         8
 Simulacrum               Ice/Necr       15%        N/A       75%         6
 Metabolic Englaciation   Hex/Ice        6%         N/A       80%         5
 Silence                  Hex/Air        6%         N/A       80%         5
 Storm Form               Tmut/Air       19%        N/A       96%         7
 Enfeeble                 Hex            6%         N/A       100%        7
 Ozocubu's Refrigeration  Ice            6%         4d8       100%        7
 Ignition                 Fire           6%         3d4       100%        8
 Maxwell's Capacitive Co  Air            6%         ∞         100%        8
 Chain Lightning          Conj/Air       22%        3d30      100%        9
 Fire Storm               Conj/Fire      22%        8d6       100%        9
 Polar Vortex             Ice            6%         N/A       100%        9
 Shatter                  Erth           32%        3d26*     100%        9
 Blink                    Tloc           Unusable   N/A       N/A         2
 Swiftness                Air            Unusable   N/A       N/A         3

Dungeon Overview and Level Annotations

Branches:
Dungeon (15/15)            Temple (1/1) D:4            Lair (5/5) D:11
 Shoals (4/4) Lair:3        Snake (4/4) Lair:3        Slime (5/5) Lair:5
    Orc (2/2) D:12            Elf (3/3) Orc:2        Vaults (5/5) D:14
  Crypt (0/3) Vaults:2     Depths (4/4) D:15            Zot (5/5) Depths:4
  IceCv (visited)          WizLab (visited)         Desolation (visited)
Gauntlet (visited)

Altars:
Ashenzari
Cheibriados
Dithmenos
Elyvilon
Fedhas
Gozag
Hepliaklqana
Kikubaaqudgha
Makhleb
Nemelex Xobeh
Okawaru
Qazlal
Ru
Sif Muna
Trog
Uskayaw
Vehumet
Wu Jian
Xom
Yredelemnul
Zin
The Shining One
Jiyva

Shops:
D:5 =   Orc:1 (   Orc:2 (*=([   Elf:3 ==::   Shoals:3 [   Shoals:4 :
Snake:3 *[   Vaults:2 !   Vaults:3 ?*(

Portals:
Hell: Depths:1 Depths:2 Depths:3 Depths:4
Abyss: Depths:3
Pandemonium: Depths:2 Depths:3
Ziggurat: Depths:3

Annotations:
D:3 3 runed translucent doors, Crazy Yiuf; Leeroy's ghost, amateur MfGl
D:9 2 transporters
D:10 3 runed translucent doors, Chingon's ghost, journeyman MiBe
Lair:3 2 transporters, Dirtsage's ghost, journeyman DsFi
Shoals:1 2 transporters, whitenoisemaker's ghost, adept DrBe
Snake:1 Roxanne
Snake:3 3 runed translucent doors, Twiddyhohoho's ghost, adept AtWr
Elf:1 6 runed translucent doors
Elf:2 3 runed translucent doors
Vaults:1 2 transporters, exclusion: obsidian statue


Innate Abilities, Weirdness & Mutations

You are a living statue of rough stone.
Your actions are slow, but your melee attacks are powerful.
You are resistant to unholy torment.
Your maximum health is greatly increased.
You are immune to poison.
Your equipment is partially melded.
Your life essence is reduced to manifest your ancestor. (-10% HP)
You cannot be hasted, slowed, berserked, paralysed or teleported.
You can dig through walls and to a lower floor.
You have a pair of large antennae on your head. (SInv)
Your four strong arms can wield two-handed weapons with a shield.
((You are partially covered in iridescent scales. (AC +2)))
You possess an exceptional clarity of mind.
Your body sometimes deteriorates upon taking damage.
You passively dampen the noise of your surroundings.


Message History

(V) Vaults (C) Crypt (U) Depths (H) Hell (Z) Zot
Where to? (Enter - D:1 @ (x,y), ? - help)
There is a stone staircase leading up here.
You climb upwards.
Level annotation: 3 runed translucent doors, Chingon's ghost, journeyman MiBe
There is a stone staircase leading down here.
A reaper comes into view. It is wielding a +0 scythe of venom.
The reaper moves out of view.
The reaper hits Lici with a +0 scythe of venom!!!
There is an open door here.
There is a stone staircase leading up here.
You climb upwards.
Level annotation: 2 transporters
There is a stone staircase leading down here.
Lici is recalled.
(D) Dungeon (T) Temple (L) Lair (A) Shoals (P) Snake Pit (M) Slime Pits (O) Orcish Mines (E) Elven Halls (V) Vaults (C) Crypt (U) Depths (H) Hell (Z) Zot
Where to? (Enter - D:1 @ (x,y), ? - help)
There is a stone staircase leading up here.
You climb upwards.
There is a stone staircase leading down here.
Magic restored.
There is a stone staircase leading up here.
You climb upwards.
There is a stone staircase leading down here.
Things that are here:
a +0 robe; a +0 dagger Ancestor HP restored.
Items here: ))) [[.
Things that are here:
a +0 robe; a +0 dagger
There is a stone staircase leading up here.
You climb upwards.
There is a stone staircase leading down here.
There is a stone staircase leading up here.
You climb upwards.
There is a stone staircase leading down here.
There is a stone staircase leading up, spattered with blood here.
You climb upwards.
There is a stone staircase leading down here.
Things that are here:
a stone; a +0 club
There is a stone staircase leading up here.
You climb upwards.
Level annotation: 3 runed translucent doors, Crazy Yiuf; Leeroy's ghost, amateur MfGl
There is a stone staircase leading down here.
There is a stone staircase leading up here.
You climb upwards.
A ynoxinul comes into view.
There is a stone staircase leading down here.
Casting: Manifold Assault (safe; 1% risk of failure)
Confirm with . or Enter, or press ? or * to list all spells.
You feel a surge of power!
Space momentarily warps into an impossible shape!
You impale the ynoxinul!!
Your weapon exudes an aura of protection.
Casting: Manifold Assault (safe; 1% risk of failure)
Confirm with . or Enter, or press ? or * to list all spells.
You feel a surge of power!
Space momentarily warps into an impossible shape!
You bludgeon the ynoxinul!!
You kill the ynoxinul!
(D) Dungeon (T) Temple (L) Lair (A) Shoals (P) Snake Pit (M) Slime Pits (O) Orcish Mines (E) Elven Halls (V) Vaults (C) Crypt (U) Depths (H) Hell (Z) Zot
Where to? (Enter - D:1 @ (x,y), ? - help)
There is a stone staircase leading up here.
You climb upwards.
There is a stone staircase leading down here.
You open the door.
There is an open door here.
An Ice Fiend comes into view.
There is a staircase leading out of the dungeon here.
Casting: Manifold Assault (safe; 1% risk of failure)
Confirm with . or Enter, or press ? or * to list all spells.
You feel a surge of power!
You turn into a living statue of rough stone.
Your +2 pair of gloves melds into your body.
Your +2 pair of boots melds into your body.
Your +2 robe of the Archmagi melds into your body.
You feel strangely numb.
Casting: Statue Form (mildly dangerous; 1% risk of failure)
Confirm with . or Enter, or press ? or * to list all spells.
Space momentarily warps into an impossible shape!
You hammer the Ice Fiend like a gong!!!
Your weapon exudes an aura of protection.
The Ice Fiend closely misses Lici.
The Ice Fiend claws Lici.
The Ice Fiend freezes Lici!!
Lici resists.
Casting: Manifold Assault (safe; 1% risk of failure)
Confirm with . or Enter, or press ? or * to list all spells.
Space momentarily warps into an impossible shape!
You spit the Ice Fiend like a pig!!!
You kill the Ice Fiend!
Enter note: gg You have escaped!

...###.........###.........##.#
...# #........## ##........##.###
...# #........# #........##....
...# #[.......## ##..).....######
.).# #.........###...).....#
...###.....................#
....##...###.........###...#
....##..## ##...R...## ##..######
....##..# #...8...# #.......#
....+...## ##.......## ##........
....##...###.........###....###.#
....##......................###.#
....###........###....(.........#
....# #.......## ##..........####
##### #.......# #.......#(...#
#.......## ##.......#.##.#
#........###........#.##.##


You could see the friendly Lici the battlemage.

Vanquished Creatures
  the Royal Jelly (Slime:5)
  2 orbs of fire (Zot:5)
  2 ancient liches (Zot:5)
  3 Killer Klowns (Zot:5)
  Bai Suzhen (Snake:3)
  A curse toe (Zot:4)
  the Enchantress (Depths:3)
  An electric golem (Zot:5)
  10 Orb Guardians (Zot:5)
  3 tentacled monstrosities
  A lich (Vaults:2)
  An Ice Fiend (D:1)
  A titan (Vaults:4)
  A quicksilver dragon (Zot:4)
  Asterion (Vaults:2)
  A deep elf blademaster (Elf:3)
  11 acid blobs
  A walking frostbound tome (Depths:3)
  2 deep elf master archers (Elf:3)
  A kraken (Shoals:3)
  2 sphinxes (Depths:3)
  4 death cobs
  2 shadow dragons
  Kirke (Lair:4)
  3 storm dragons
  3 fire giants
  5 tengu reavers
  Donald (Snake:3)
  3 azure jellies (Slime:5)
  A draconian monk (Depths:4)
  7 frost giants
  An iron dragon (Depths:3)
  3 nagarajas (Snake:4)
  4 rockslimes (Slime:5)
  2 draconian knights
  2 ghost moths
  Aizul (Snake:3)
  4 deep elf sorcerers (Elf:3)
  8 vault wardens
  A curse skull (Vaults:2)
  2 deep elf elementalists (Elf:3)
  A balrug (Zot:5)
  8 stone giants
  An angel (Zot:3)
  6 very ugly things
  A draconian annihilator (Depths:4)
  7 quicksilver oozes
  12 ironbound preservers
  2 spriggan defenders (Depths:4)
  A war gargoyle (Vaults:4)
  An orc warlord (Vaults:1)
  3 green draconians
  2 vampire knights
  7 ironbound thunderhulks
  2 black draconians (Zot:3)
  8 deep elf demonologists
  2 red draconians
  8 deep elf annihilators
  3 spark wasps
  11 purple draconians
  2 yellow draconians
  2 dire elephants (Vaults:1)
  A white draconian (Zot:3)
  9 statues (WizLab)
  Snorg (D:11)
  6 ettins
  3 crystal guardians (Desolation)
  An eidolon (Vaults:4)
  4 deep elf death magi (Elf:3)
  A blizzard demon (Depths:2)
  3 merfolk javelineers
  3 fire dragons
  9 merfolk impalers
  11 great orbs of eyes
  3 deep elf high priests
  Josephine (D:13)
  5 ragged hierophants (Desolation)
  An entropy weaver (Vaults:1)
  16 yaktaur captains
  3 ice dragons
  A hydra (shapeshifter) (Depths:3)
  A jorogumo (shapeshifter) (Vaults:4)
  An ogre mage (D:15)
  17 vault guards
  9 ironbound frosthearts
  2 salamander tyrants (Snake:4)
  8 hydras
  3 merfolk avatars
  3 servants of whispers (Desolation)
  4 merfolk aquamancers
  An alligator snapping turtle (Shoals:3)
  4 peacekeepers (Desolation)
  7 spriggan air magi
  A two-headed ogre (D:8)
  A satyr (Shoals:4)
  17 dancing weapons
  10 deep troll shamans
  7 centaur warriors
  11 death yaks
  9 anacondas
  4 tengu warriors
  3 vampire magi
  9 naga warriors
  4 deep troll earth magi
  4 shock serpents
  11 spriggan berserkers
  3 sun demons
  11 naga sharpshooters
  3 hell knights
  7 deep elf knights
  A salamander mystic (Snake:4)
  6 iron trolls
  2 shadow wraiths (Vaults:4)
  44 deep trolls
  2 glowing orange brains
  7 sea snakes
  A skyshark (shapeshifter) (Depths:1)
  2 skysharks
  5 naga ritualists
  3 flayed ghosts
  8 deep elf archers
  A steelbarb worm (shapeshifter) (Vaults:4)
  19 harpies
  15 ironbound convokers
  8 wizards
  12 deep elf pyromancers
  20 deep elf zephyrmancers
  4 necromancers
  6 mana vipers
  12 lindwurms
  3 orc knights (Vaults:1)
  5 cyclopes
  3 orc sorcerers
  12 manticores
  19 ugly things
  6 oklob plants
  6 salamanders
  3 fauns
  4 merfolk sirens
  2 moths of wrath (Zot:5)
  3 shining eyes
  Joseph (Lair:1)
  6 guardian serpents (Snake:4)
  3 molten gargoyles (Desolation)
  A rust devil (Depths:2)
  7 elephants
  An ice statue (IceCv)
  28 black mambas
  9 naga magi
  2 eyes of devastation (Slime:5)
  11 vault sentinels
  3 water nymphs
  3 gargoyles
  An unseen horror (D:12)
  A torpor snail (Lair:5)
  A smoke demon (D:10)
  A freezing wraith (Vaults:4)
  3 cane toads
  9 komodo dragons
  15 tengu conjurers
  4 rime drakes
  An elf skeleton (Vaults:3)
  30 yaktaurs
  An ice devil (Zot:5)
  A tormentor (Zot:5)
  A red devil (Depths:2)
  A hellwing (Depths:2)
  16 merfolk
  11 polar bears
  3 trolls
  A tengu simulacrum (Vaults:3)
  A hornet (shapeshifter) (Elf:3)
  27 saltlings (Desolation)
  A wind drake (Shoals:1)
  4 blink frogs (Lair:4)
  6 dream sheep
  5 snapping turtles
  65 slime creatures
  2 spriggans (Depths:3)
  9 water elementals
  2 wyverns (D:8)
  A ynoxinul (D:2)
  A wraith (D:13)
  40 yaks
  4 fire elementals
  2 basilisks
  12 humans (D:14)
  2 steam dragons
  2 vampire mosquitoes (D:13)
  A chaos spawn (Depths:3)
  4 wargs
  23 nagas
  Edmund (D:6)
  Duvessa (D:7)
  6 hell hounds (Lair:5)
  6 water moccasins
  11 black bears
  9 orc warriors
  2 ice beasts
  A sky beast (D:6)
  A swamp drake (Lair:5)
  A boggart (shapeshifter) (Depths:3)
  7 centaurs
  3 ogres
  15 wolves
  3 boggarts
  A human zombie (Vaults:3)
  A gnoll sergeant (D:5)
  4 earth elementals
  3 scorpions
  A necrophage (D:4)
  6 bullfrogs
  12 killer bees
  2 electric eels
  A howler monkey (D:11)
  A lava snake (D:8)
  5 hounds
  3 jellies
  8 orc priests
  A gnoll bouda (D:8)
  5 iguanas (Lair:1)
  15 orc wizards
  5 hell rats
  Robin (D:3)
  10 gnolls
  5 adders
  2 white imps
  2 ufetubi
  A worm (D:2)
  3 dart slugs
  61 orcs
  5 endoplasms
  2 giant cockroaches
  12 goblins
  7 hobgoblins
  6 jackals
  3 quokkas
  11 ball pythons
  10 bats
  3 frilled lizards
  11 kobolds
  4 rats
  4 tentacles (Shoals:3)
1391 creatures vanquished.

Vanquished Creatures (collateral kills)
  An orb of fire (Zot:5)
  3 dread liches (Zot:5)
  An ancient lich (Zot:5)
  Mara (Depths:2)
  A pandemonium lord (Zot:4)
  2 curse toes (Zot:5)
  Vashnia (Snake:2)
  2 golden dragons (Depths:3)
  An electric golem (Zot:5)
  8 tentacled monstrosities
  The ghost of Poyn the Eclecticist, an adept DEVM of Gozag (Vaults:4)
  16 Orb Guardians
  A deep elf blademaster (Elf:3)
  A sphinx (Vaults:4)
  7 acid blobs (Slime:5)
  A tengu reaver (Vaults:3)
  2 storm dragons
  5 rockslimes (Slime:5)
  A shadow dragon (Depths:4)
  A nagaraja (Snake:4)
  A draconian knight (Zot:3)
  An iron dragon (Depths:3)
  3 fire giants
  A draconian scorcher (Zot:5)
  A deep elf sorcerer (Elf:3)
  2 frost giants
  Louise (Elf:3)
  4 vault wardens
  A spriggan defender (Depths:3)
  An orc warlord (Orc:2)
  A war gargoyle (Desolation)
  6 ironbound preservers
  4 black draconians
  6 stone giants
  3 very ugly things
  2 ironbound thunderhulks
  A green draconian (Depths:4)
  A deep elf annihilator (Elf:3)
  A dire elephant (Vaults:1)
  2 purple draconians
  3 spark wasps
  2 white draconians
  3 red draconians
  A minotaur (Gauntlet)
  2 ettins
  An eidolon (Vaults:4)
  2 deep elf death magi (Elf:3)
  A crystal guardian (Desolation)
  7 merfolk impalers
  4 merfolk javelineers
  3 yaktaur captains
  6 fire dragons
  5 ragged hierophants (Desolation)
  Harold (D:11)
  2 servants of whispers (Desolation)
  3 great orbs of eyes
  4 ice dragons
  3 hydras
  Fannar (Lair:2)
  A vault guard (Vaults:3)
  A catoblepas (D:14)
  4 anacondas
  An ironbound frostheart (Vaults:2)
  3 merfolk avatars
  2 spriggan air magi
  A merfolk aquamancer (Shoals:4)
  2 boulder beetles
  2 two-headed ogres (D:15)
  6 centaur warriors
  3 tengu warriors
  7 death yaks
  5 dancing weapons
  An alligator snapping turtle (Shoals:4)
  5 naga warriors
  An orc high priest (Orc:2)
  2 spriggan berserkers
  8 naga sharpshooters
  2 deep troll shamans (Depths:3)
  Nergalle (Lair:3)
  A sun demon (Zot:5)
  4 deep elf knights (Elf:3)
  Amaemon (Lair:1)
  An iron troll (Depths:4)
  A swamp dragon (Lair:5)
  2 sea snakes
  4 skysharks
  16 deep trolls
  3 wizards
  A naga ritualist (Snake:1)
  19 harpies
  An oklob plant (Lair:5)
  A necromancer (Depths:3)
  2 lindwurms (Vaults:1)
  An orc knight (Vaults:1)
  9 deep elf pyromancers
  5 ironbound convokers
  3 deep elf zephyrmancers
  An orc sorcerer (Orc:2)
  2 mana vipers
  9 ugly things
  A shining eye (Gauntlet)
  6 salamanders
  5 fauns
  3 moths of wrath
  12 manticores
  9 elephants
  3 merfolk sirens
  4 cyclopes
  Maurice (Orc:1)
  10 black mambas
  A gargoyle (D:11)
  3 molten gargoyles (Desolation)
  An orange demon (Lair:1)
  7 naga magi
  2 water nymphs (Shoals:4)
  A torpor snail (Lair:5)
  8 cane toads
  5 guardian serpents
  7 vault sentinels
  An ice devil (Zot:2)
  7 yaktaurs
  11 komodo dragons
  2 unseen horrors
  A freezing wraith (Vaults:2)
  5 tengu conjurers
  2 trolls
  8 polar bears
  5 wind drakes
  A hornet (D:11)
  22 merfolk
  5 blink frogs
  14 saltlings (Desolation)
  2 raiju
  A tarantella (shapeshifter) (Depths:3)
  6 dream sheep
  9 snapping turtles
  An air elemental (Elf:3)
  Sigmund (D:5)
  34 slime creatures
  5 wraiths
  A spriggan (Depths:3)
  7 wyverns
  8 water elementals
  40 yaks
  7 humans (D:14)
  An unseen horror simulacrum (D:9)
  2 basilisks
  A fire elemental (Elf:1)
  A hog (Lair:4)
  2 vampire mosquitoes (D:13)
  7 steam dragons
  4 wargs
  A redback simulacrum (D:10)
  11 nagas
  5 acid dragons
  8 hell hounds (Lair:5)
  A floating eye (Gauntlet)
  6 water moccasins
  24 orc warriors
  2 sky beasts
  A swamp drake (D:12)
  2 ice beasts (D:9)
  4 black bears
  2 boggarts (Vaults:3)
  15 wolves
  5 ogres
  5 centaurs
  A phantom (D:7)
  2 kobold brigands
  7 bullfrogs
  2 scorpions
  2 gnoll sergeants
  8 wights
  Dowan (D:7)
  10 killer bees
  3 howler monkeys
  5 electric eels
  14 orc priests
  21 orc wizards
  5 iguanas
  A hell rat (Lair:5)
  2 small abominations (Zot:4)
  An adder (D:6)
  5 gnolls
  A shadow imp (D:8)
  A white imp (D:9)
  2 howler monkey simulacra (D:9)
  2 ufetubi (D:9)
  A worm (D:2)
  57 orcs
  2 endoplasms
  A giant cockroach (D:2)
  A goblin (D:1)
  4 frilled lizards (D:10)
  3 kobolds (D:10)
  A butterfly (Lair:1)
870 creatures vanquished.

Vanquished Creatures (others)
  A dread lich (Vaults:4)
  Xtahua (Vaults:2)
  A stone giant (Vaults:1)
  A merfolk aquamancer (Lair:3)
  A salamander (Snake:2)
  A black mamba (Snake:3)
  A komodo dragon (Lair:1)
  A water elemental (D:14)
  A naga (Snake:3)
  A centaur (D:14)
  An orc wizard (Elf:1)
  77 battlemagi
  An ancestor (D:5)
  An orc (Elf:1)
  37 fungi
  252 plants
  8 tentacles (Shoals:3)
  14 withered plants (Gauntlet)
401 creatures vanquished.

Grand Total: 2662 creatures vanquished

Notes
Turn   | Place    | Note
-------+----------+-------------------------------------------
     0 | D:1      | Flugkiller the Formicid Necromancer began the quest for the
                  | Orb.
     0 | D:1      | Reached XP level 1. HP: 13/13 MP: 3/3
    36 | D:1      | Reached skill level 1 in Fighting
   163 | D:1      | Reached XP level 2. HP: 19/21 MP: 0/5
   824 | D:2      | Reached XP level 3. HP: 27/27 MP: 0/6
  1240 | D:2      | Reached XP level 4. HP: 33/33 MP: 1/8
  1312 | D:2      | Learned a level 3 spell: Vampiric Draining
  1516 | D:3      | Reached skill level 5 in Necromancy
  1517 | D:3      | Found a faded altar of an unknown god.
  1609 | D:3      | Reached XP level 5. HP: 38/38 MP: 5/9
  2097 | D:3      | Noticed Robin
  2140 | D:3      | Killed Robin
  2141 | D:3      | Reached XP level 6. HP: 33/44 MP: 7/10
  2237 | D:3      | Found a runed translucent door.
  2238 | D:3      | Noticed Crazy Yiuf
  2332 | D:3      | Found a large runed translucent door.
  2332 | D:3      | Found a large runed translucent door.
  2339 | D:3      | Noticed Leeroy's ghost (amateur MfGl)
  2541 | D:4      | Found a glowing golden altar of the Shining One.
  2635 | D:4      | Reached skill level 1 in Short Blades
  2640 | D:4      | Found a staircase to the Ecumenical Temple.
  2688 | Temple   | Entered the Ecumenical Temple
  2755 | Temple   | Became a worshipper of Hepliaklqana the Forgotten
  2847 | D:4      | Reached XP level 7. HP: 52/52 MP: 7/11
  3879 | D:5      | Entered Level 5 of the Dungeon
  3890 | D:5      | Reached XP level 8. HP: 45/60 MP: 2/12
  3914 | D:4      | Reached skill level 1 in Evocations
  4042 | D:5      | Identified the +1 leather armour "Akkegomm" {rF- rCorr
                  | Int+3 Stlth+}
  4128 | D:5      | Noticed Sigmund
  4228 | D:5      | Reached * piety under Hepliaklqana
  4606 | D:5      | Killed Sigmund
  4621 | D:5      | Found Hekianaol's Jewellery Shoppe.
  4793 | D:6      | Reached skill level 5 in Evocations
  4837 | D:6      | Reached XP level 9. HP: 52/59 MP: 8/14
  4987 | D:6      | Reached ** piety under Hepliaklqana
  4988 | D:6      | Remembered your ancestor Lici as a battlemage
  5094 | D:6      | Noticed Edmund
  5117 | D:6      | Reached skill level 5 in Fighting
  5191 | D:6      | Killed Edmund
  5529 | D:7      | Noticed Dowan
  5644 | D:7      | Noticed Duvessa
  5652 | D:7      | Killed Dowan
  5653 | D:7      | Reached skill level 5 in Spellcasting
  5656 | D:7      | Killed Duvessa
  6024 | D:7      | Reached *** piety under Hepliaklqana
  6119 | D:7      | Reached skill level 1 in Invocations
  6132 | D:7      | Reached XP level 10. HP: 41/66 MP: 13/17
  6298 | D:7      | Reached skill level 5 in Invocations
  6373 | D:7      | Learned a level 5 spell: Agony
  6703 | D:8      | Found a stormy altar of Qazlal.
  6724 | D:8      | Reached skill level 5 in Dodging
  6989 | D:8      | Noticed a tengu warrior
  7009 | D:8      | Killed a tengu warrior
  7010 | D:8      | Noticed a two-headed ogre
  7063 | D:8      | Killed a two-headed ogre
  7294 | D:8      | Found a hide-covered altar of Uskayaw.
  7294 | D:8      | Found a shimmering altar of Xom.
  7748 | D:8      | Reached XP level 11. HP: 72/72 MP: 18/18
  8051 | D:8      | Reached skill level 1 in Transmutations
  8056 | D:8      | Reached skill level 1 in Conjurations
  8228 | D:8      | Found a shadowy altar of Dithmenos.
  8336 | D:8      | Found an opulent altar of Gozag.
  9039 | D:9      | Reached **** piety under Hepliaklqana
  9094 | D:9      | Found a transporter.
  9108 | D:9      | Identified the +0 leather armour of the Fife {Dex+8}
  9214 | D:9      | Reached skill level 5 in Transmutations
  9374 | D:9      | Found a shimmering blue altar of Sif Muna.
  9487 | D:9      | Noticed an ogre mage
  9583 | D:9      | Found a transporter.
  9616 | D:10     | Entered Level 10 of the Dungeon
  9673 | D:10     | Reached XP level 12. HP: 30/79 MP: 9/22
  9842 | D:10     | Found a runed translucent gate.
  9843 | D:10     | Found a runed translucent gate.
  9844 | D:10     | Found a runed translucent gate.
  9846 | D:10     | Noticed Chingon's ghost (journeyman MiBe)
 10239 | D:10     | Found a sacrificial altar of Ru.
 10248 | D:10     | Found a glowing silver altar of Zin.
 10575 | D:10     | Identified the +0 ring mail "Zaokkoegh" {Harm *Slow Regen+}
 10668 | D:10     | Found a burning altar of Makhleb.
 10847 | D:11     | Reached skill level 5 in Conjurations
 11002 | D:11     | Noticed Snorg
 11010 | D:11     | Killed Snorg
 11119 | D:11     | Learned a level 5 spell: Irradiate
 11306 | D:11     | Found a staircase to the Lair.
 11404 | D:11     | Noticed Harold
 11405 | D:11     | Reached ***** piety under Hepliaklqana
 11416 | D:11     | Killed Harold
 11710 | Lair:1   | Entered Level 1 of the Lair of Beasts
 11798 | Lair:1   | Noticed Amaemon
 11831 | Lair:1   | Noticed Joseph
 11881 | Lair:1   | Killed Amaemon
 11906 | Lair:1   | Killed Joseph
 11907 | Lair:1   | Reached XP level 13. HP: 65/83 MP: 4/25
 12040 | Lair:1   | Found a frozen archway.
 12046 | IceCv    | Entered an ice cave
 12423 | IceCv    | Reached skill level 10 in Transmutations
 13590 | IceCv    | Gained mutation: You occasionally shout uncontrollably at
                  | your foes. [mutagenic glow]
 13797 | IceCv    | Got the Book of Algor
 13805 | IceCv    | Noticed a frost giant
 14029 | IceCv    | Killed a frost giant
 14030 | IceCv    | Reached skill level 10 in Conjurations
 14030 | IceCv    | Reached skill level 1 in Maces & Flails
 14521 | IceCv    | Reached skill level 2 in Maces & Flails
 14737 | IceCv    | Identified the +4 spear "Killer Klown's Foe" {spect, *Slow
                  | rN++ Str+5}
 15147 | Lair:1   | Reached skill level 1 in Axes
 15258 | Lair:1   | Reached XP level 14. HP: 90/90 MP: 26/26
 15736 | Lair:2   | Noticed Fannar
 15747 | Lair:2   | Killed Fannar
 16146 | Lair:2   | Identified the +0 cloak "Cieleqeh" {Slay+3}
 16267 | Lair:3   | Found a staircase to the Shoals.
 16356 | Lair:3   | Identified the +8 chain mail "Ygyikyurr" {Int+5}
 16366 | Lair:3   | Reached skill level 1 in Earth Magic
 16406 | Lair:3   | Noticed Nergalle
 16414 | Lair:3   | Killed Nergalle
 16644 | Lair:3   | Noticed Dirtsage's ghost (journeyman DsFi)
 16654 | Lair:3   | Found a transporter.
 16656 | Lair:3   | Found a transporter.
 16729 | Lair:3   | Found a staircase to the Snake Pit.
 17199 | Lair:4   | Noticed Kirke
 17219 | Lair:4   | Killed Kirke
 17910 | Lair:5   | Entered Level 5 of the Lair of Beasts
 17991 | Lair:5   | Reached skill level 5 in Earth Magic
 18035 | Lair:5   | Found a viscous altar of Jiyva.
 18036 | Lair:5   | Found a staircase to the Slime Pits.
 18199 | Lair:5   | Reached ****** piety under Hepliaklqana
 18339 | Lair:5   | Reached XP level 15. HP: 90/102 MP: 16/27
 18358 | Lair:5   | Reached skill level 10 in Dodging
 18491 | Lair:5   | Reached skill level 10 in Fighting
 18715 | Lair:5   | Identified the +6 flail of the Valley of Death {flame,
                  | Will++ Dex+3}
 18778 | Lair:5   | Reached skill level 10 in Earth Magic
 18983 | Lair:4   | Learned a level 6 spell: Statue Form
 20200 | Lair:5   | Learned a level 1 spell: Apportation
 20775 | D:12     | Found a staircase to the Orcish Mines.
 21215 | D:13     | Reached skill level 3 in Maces & Flails
 21333 | D:13     | Reached XP level 16. HP: 109/109 MP: 23/28
 21445 | D:13     | Noticed Josephine
 21455 | D:13     | Killed Josephine
 21850 | D:13     | Reached skill level 4 in Maces & Flails
 21970 | D:14     | Found a gate leading to a gauntlet.
 21976 | Gauntlet | Entered a Gauntlet
 21976 | Gauntlet | Found a transporter.
 21985 | Gauntlet | Found a transporter.
 22000 | Gauntlet | Found a transporter.
 22005 | Gauntlet | Found a transporter.
 22024 | Gauntlet | Found a transporter.
 22039 | Gauntlet | Found a transporter.
 22047 | Gauntlet | Found a large runed translucent door.
 22048 | Gauntlet | Found a large runed translucent door.
 22049 | Gauntlet | Found a large runed translucent door.
 22049 | Gauntlet | Found a large runed translucent door.
 22050 | Gauntlet | Found a runed translucent gate.
 22051 | Gauntlet | Found a transporter.
 22051 | Gauntlet | Found a runed translucent gate.
 22052 | Gauntlet | Found a runed translucent gate.
 22053 | Gauntlet | Found a large runed translucent door.
 22053 | Gauntlet | Found a large runed translucent door.
 22054 | Gauntlet | Found a large runed translucent door.
 22055 | Gauntlet | Found a large runed translucent door.
 22063 | Gauntlet | Found a transporter.
 22065 | Gauntlet | Found a large runed translucent door.
 22065 | Gauntlet | Found a large runed translucent door.
 22065 | Gauntlet | Found a runed translucent door.
 22065 | Gauntlet | Found a runed translucent door.
 22066 | Gauntlet | Found a large runed translucent door.
 22067 | Gauntlet | Found a large runed translucent door.
 22069 | Gauntlet | Found a transporter.
 22084 | Gauntlet | Found a transporter.
 22096 | Gauntlet | Found a transporter.
 22102 | Gauntlet | Found a transporter.
 22102 | Gauntlet | Found a transporter.
 22141 | Gauntlet | Found a transporter.
 22166 | Gauntlet | Found a transporter.
 22262 | Gauntlet | Found a large runed translucent door.
 22262 | Gauntlet | Found a large runed translucent door.
 22263 | Gauntlet | Found a large runed translucent door.
 22264 | Gauntlet | Found a large runed translucent door.
 22268 | Gauntlet | Found a transporter.
 22303 | Gauntlet | Identified a scroll of acquirement
 22309 | Gauntlet | Found a transporter.
 22311 | Gauntlet | Found a transporter.
 22311 | Gauntlet | Found a transporter.
 22324 | Gauntlet | Found a large runed translucent door.
 22325 | Gauntlet | Found a large runed translucent door.
 22326 | Gauntlet | Found a large runed translucent door.
 22326 | Gauntlet | Found a large runed translucent door.
 22327 | Gauntlet | Found a runed translucent gate.
 22328 | Gauntlet | Found a transporter.
 22328 | Gauntlet | Found a runed translucent gate.
 22329 | Gauntlet | Found a runed translucent gate.
 22330 | Gauntlet | Found a large runed translucent door.
 22330 | Gauntlet | Found a large runed translucent door.
 22331 | Gauntlet | Found a large runed translucent door.
 22332 | Gauntlet | Found a large runed translucent door.
 22340 | Gauntlet | Found a transporter.
 22352 | Gauntlet | Found a transporter.
 22358 | Gauntlet | Found a transporter.
 22358 | Gauntlet | Found a transporter.
 22405 | Gauntlet | Found a transporter.
 22429 | Gauntlet | Found a transporter.
 22448 | Gauntlet | Found a transporter.
 22459 | Gauntlet | Found a transporter.
 22479 | Gauntlet | Found a transporter.
 22494 | Gauntlet | Found a transporter.
 22538 | Gauntlet | Found a large runed translucent door.
 22538 | Gauntlet | Found a large runed translucent door.
 22538 | Gauntlet | Found a runed translucent door.
 22538 | Gauntlet | Found a runed translucent door.
 22539 | Gauntlet | Found a large runed translucent door.
 22540 | Gauntlet | Found a large runed translucent door.
 22556 | Gauntlet | Found a large runed translucent door.
 22556 | Gauntlet | Found a large runed translucent door.
 22557 | Gauntlet | Found a large runed translucent door.
 22558 | Gauntlet | Found a large runed translucent door.
 22560 | Gauntlet | Found a transporter.
 22562 | Gauntlet | Found a transporter.
 22812 | Gauntlet | Identified the ring of Ruroub {rCorr Slay+4}
 22931 | D:14     | Acquired a staff of earth
 23020 | D:14     | Reached skill level 5 in Maces & Flails
 23030 | D:14     | Identified the ring "Xuruil" {Ice rPois rN+ Str+3}
 23566 | D:14     | Reached skill level 6 in Maces & Flails
 23585 | D:14     | Reached skill level 7 in Maces & Flails
 23654 | D:14     | Found a gate to the Vaults.
 23937 | D:15     | Entered Level 15 of the Dungeon
 24034 | D:15     | Found a staircase to the Depths.
 24049 | D:15     | Reached skill level 8 in Maces & Flails
 24546 | D:13     | Reached skill level 9 in Maces & Flails
 24614 | Orc:1    | Entered Level 1 of the Orcish Mines
 24617 | Orc:1    | Noticed Maurice
 24623 | Orc:1    | Killed Maurice
 24650 | Orc:1    | Reached XP level 17. HP: 115/115 MP: 21/30
 24695 | Orc:1    | Found Neujob's Weapon Shoppe.
 24832 | Orc:2    | Entered Level 2 of the Orcish Mines
 24898 | Orc:2    | Found Peoguiph's Weapon Shoppe.
 25189 | Orc:2    | Reached skill level 10 in Maces & Flails
 25216 | Orc:2    | Found Inlasom's Antique Weapon Boutique.
 25218 | Orc:2    | Found Wadiniass's Antique Armour Shop.
 25277 | Orc:2    | Found a staircase to the Elven Halls.
 25443 | Orc:2    | Found Joiqynea's Jewellery Emporium.
 25513 | Orc:2    | Found Yres's General Store.
 25721 | Orc:1    | Bought a +7 giant spiked club for 700 gold pieces
 25925 | Snake:1  | Entered Level 1 of the Snake Pit
 25984 | Snake:1  | Reached skill level 11 in Maces & Flails
 26089 | Snake:1  | Identified Roxanne's Spellbook of Changing
 26089 | Snake:1  | Noticed Roxanne
 26790 | Snake:2  | Reached skill level 12 in Maces & Flails
 26813 | Snake:2  | Identified the +0 leather armour "Wireus" {Regen+ Str+5}
 27244 | Snake:2  | Noticed Vashnia
 27256 | Snake:2  | Reached skill level 13 in Maces & Flails
 27266 | Snake:2  | Killed Vashnia
 27894 | Snake:3  | Noticed Bai Suzhen
 27909 | Snake:3  | Killed Bai Suzhen
 27924 | Snake:3  | Reached skill level 14 in Maces & Flails
 28169 | Snake:3  | Found Pugrass's Armour Emporium.
 28174 | Snake:3  | Found Hecli's Assorted Antiques.
 28222 | Snake:3  | Reached XP level 18. HP: 93/120 MP: 21/31
 28274 | Snake:3  | Noticed Donald
 28287 | Snake:3  | Noticed Aizul
 28299 | Snake:3  | Killed Aizul
 28347 | Snake:3  | Killed Donald
 28354 | Snake:3  | Reached skill level 15 in Maces & Flails
 28405 | Snake:3  | Found a runed translucent gate.
 28429 | Snake:3  | Found a runed translucent gate.
 28429 | Snake:3  | Found a runed translucent gate.
 28434 | Snake:3  | Noticed Twiddyhohoho's ghost (adept AtWr)
 28701 | Snake:4  | Entered Level 4 of the Snake Pit
 29260 | Snake:4  | Reached skill level 16 in Maces & Flails
 29349 | Snake:4  | Identified the +1 robe of Ignis, Crafting {Str+7 Dex-5
                  | Stlth+}
 29383 | Snake:4  | Gained mutation: You are frail. (-10% HP) [mutagenic glow]
 29511 | Snake:3  | Lost mutation: You are frail. (-10% HP) [potion of
                  | mutation]
 29511 | Snake:3  | Lost mutation: You occasionally shout uncontrollably at
                  | your foes. [potion of mutation]
 29511 | Snake:3  | Gained mutation: You occasionally shout uncontrollably at
                  | your foes. [potion of mutation]
 29511 | Snake:3  | Gained mutation: You are weak. (Str -2) [potion of
                  | mutation]
 29511 | Snake:3  | Gained mutation: You have large cloven feet. [potion of
                  | mutation]
 29906 | Snake:4  | Got a serpentine rune of Zot
 30112 | Snake:4  | Acquired 1018 gold pieces
 30268 | Shoals:1 | Entered Level 1 of the Shoals
 30366 | Shoals:1 | Reached XP level 19. HP: 93/131 MP: 26/32
 30368 | Shoals:1 | Reached skill level 17 in Maces & Flails
 30577 | Shoals:1 | Found a transporter.
 30594 | Shoals:1 | Noticed whitenoisemaker's ghost (adept DrBe)
 30792 | Shoals:1 | Identified the +1 falchion of World Downfall {holy, rElec
                  | Int+4}
 30799 | Shoals:1 | Found a transporter.
 30868 | Shoals:1 | Identified the ring of Urudurch {rElec rF+ Dex+3}
 31763 | Shoals:3 | Reached skill level 18 in Maces & Flails
 31958 | Shoals:3 | Found Boasaelu's Armour Shop.
 32225 | Shoals:4 | Entered Level 4 of the Shoals
 32281 | Shoals:4 | Found Neluduuz's Book Boutique.
 32302 | Shoals:4 | Bought an Inescapable Atlas for 320 gold pieces
 32307 | Shoals:4 | Learned a level 4 spell: Manifold Assault
 32377 | Shoals:4 | Reached XP level 20. HP: 144/144 MP: 25/33
 32385 | Shoals:4 | Reached skill level 1 in Translocations
 32905 | Shoals:4 | Reached skill level 15 in Fighting
 33097 | Shoals:4 | Got a barnacled rune of Zot
 33161 | Shoals:4 | Identified the +0 cloak "Wass" {+Blink +Inv Dex+4}
 33441 | Vaults:1 | Entered Level 1 of the Vaults
 33501 | Vaults:1 | Reached skill level 10 in Spellcasting
 33649 | Vaults:1 | Reached skill level 19 in Maces & Flails
 33821 | Vaults:1 | Reached skill level 5 in Translocations
 34465 | Vaults:1 | Found a transporter.
 34478 | Vaults:1 | Found a transporter.
 34792 | Vaults:1 | Reached XP level 21. HP: 24/151 MP: 26/35
 34803 | Vaults:1 | Gained mutation: You occasionally lose the ability to read
                  | scrolls when taking damage. [mutagenic glow]
 34856 | Vaults:1 | Lost mutation: You occasionally shout uncontrollably at
                  | your foes. [potion of mutation]
 34856 | Vaults:1 | Lost mutation: You are weak. (Str -2) [potion of mutation]
 34856 | Vaults:1 | Lost mutation: You occasionally lose the ability to read
                  | scrolls when taking damage. [potion of mutation]
 34856 | Vaults:1 | Gained mutation: You are agile. (Dex +4, Str/Int -1)
                  | [potion of mutation]
 34856 | Vaults:1 | Gained mutation: You have hidden genetic potential. [potion
                  | of mutation]
 35277 | Vaults:2 | Found a staircase to the Crypt.
 35384 | Vaults:2 | Noticed Xtahua
 35389 | Vaults:2 | Killed Xtahua
 35399 | Vaults:2 | Reached skill level 20 in Maces & Flails
 35566 | Vaults:2 | Noticed Asterion
 35574 | Vaults:2 | Killed Asterion
 36127 | Vaults:2 | Found Boro Ati's Distillery.
 36132 | Vaults:2 | Bought a potion of mutation for 120 gold pieces
 36132 | Vaults:2 | Bought a potion of mutation for 120 gold pieces
 36132 | Vaults:2 | Bought a potion of mutation for 120 gold pieces
 36132 | Vaults:2 | Bought a potion of mutation for 120 gold pieces
 36529 | Vaults:3 | Found Xetteif's General Store.
 36601 | Vaults:3 | Found Qaergh's Antique Weapon Shoppe.
 36669 | Vaults:3 | Found a crumbling gateway.
 36802 | Desolati | Entered the Desolation of Salt
 36823 | Desolati | Learned a level 5 spell: Lee's Rapid Deconstruction
 36848 | Desolati | Got the Verses on Haze and Correspondence
 36968 | Desolati | Identified the +1 leather armour of the Poles {rElec Str+5}
 36971 | Desolati | Got the Secrets of Intoxicating Anathema
 37046 | Desolati | Reached skill level 10 in Translocations
 37049 | Desolati | Reached skill level 21 in Maces & Flails
 37095 | Desolati | Reached XP level 22. HP: 157/157 MP: 12/36
 37199 | Desolati | Got the Precepts of Transformation and Angles
 37199 | Desolati | Gained mutation: You have an increased reservoir of magic.
                  | (+10% MP) [hidden potential]
 37205 | Desolati | Got the Compendium of the Unstable Inferno
 37207 | Desolati | Got the Anthology of Percussion and the Deep Freeze
 37225 | Desolati | Got the Commentary on Modification and Portals
 37357 | Desolati | Identified the +4 hand axe of the Head {flame, rCorr Str-5
                  | Int+2}
 37362 | Desolati | Identified the +0 pair of boots of the Saviour {rPois Dex+2
                  | Slay+3 Stlth+}
 37725 | Vaults:3 | Learned a level 7 spell: Spellforged Servitor
 37991 | Vaults:3 | Reached skill level 1 in Summonings
 38369 | Vaults:3 | Found Ycorgher's Magic Scroll Shop.
 38765 | Vaults:4 | Found a runed translucent gate.
 38765 | Vaults:4 | Found a runed translucent gate.
 38766 | Vaults:4 | Found a runed translucent gate.
 38766 | Vaults:4 | Noticed Poyn's ghost (adept DEVM)
 38779 | Vaults:4 | Killed Poyn's ghost
 38781 | Vaults:4 | Reached XP level 23. HP: 163/163 MP: 6/41
 38881 | Vaults:4 | Noticed a dread lich
 38889 | Vaults:4 | Gained mutation: Your mind is acute. (Int +4, Str/Dex -1)
                  | [hidden potential]
 38889 | Vaults:4 | Lost mutation: You have hidden genetic potential. [hidden
                  | potential expressed]
 38890 | Vaults:4 | Killed a dread lich
 39381 | Vaults:4 | Reached skill level 5 in Summonings
 40015 | Vaults:5 | Entered Level 5 of the Vaults
 40451 | Elf:1    | Entered Level 1 of the Elven Halls
 41196 | Elf:1    | Found a runed translucent gate.
 41196 | Elf:1    | Found a runed translucent gate.
 41196 | Elf:1    | Found a runed translucent gate.
 41196 | Elf:1    | Found a runed translucent gate.
 41196 | Elf:1    | Found a runed translucent gate.
 41198 | Elf:1    | Found a runed translucent gate.
 41206 | Elf:1    | Identified the +1 scale mail of Qazlal's Condemnation
                  | {Stlth+}
 41633 | Elf:2    | Found a runed translucent gate.
 41641 | Elf:2    | Found a runed translucent gate.
 41642 | Elf:2    | Found a runed translucent gate.
 42187 | Elf:3    | Entered Level 3 of the Elven Halls
 42210 | Elf:3    | Found a flickering gateway to a bazaar.
 42225 | Bazaar   | Entered a bazaar
 42226 | Bazaar   | Found Reuchetz's Antique Weapon Shoppe.
 42237 | Bazaar   | Found Ushibiot's Jewellery Boutique.
 42248 | Bazaar   | Found Iholofi's General Store.
 42256 | Bazaar   | Bought a scroll of fear for 64 gold pieces
 42256 | Bazaar   | Bought a potion of magic for 128 gold pieces
 42256 | Bazaar   | Found Sifu's Antique Armour Emporium.
 42267 | Bazaar   | Found Byxzoymo's Magic Scroll Boutique.
 42290 | Bazaar   | Bought a wizard robe for 91 gold pieces
 42290 | Bazaar   | Identified the +1 robe of the Big Bang {+Inv Str+3 Int-2}
                  | (You bought it in a shop in a bazaar)
 42290 | Bazaar   | Bought a thick robe for 91 gold pieces
 42290 | Bazaar   | Identified the +0 robe "Yxushraz" {rF- rN+ Will+} (You
                  | bought it in a shop in a bazaar)
 42423 | Elf:3    | Found Veihucse's Book Emporium.
 42503 | Elf:3    | Bought a manual of Summonings for 1280 gold pieces
 42592 | Elf:3    | Found Naecs's Jewellery Shoppe.
 42593 | Elf:3    | Found Saeb's Book Shop.
 42595 | Elf:3    | Found Ymilus's Jewellery Shoppe.
 42937 | Shoals:4 | Bought a manual of Conjurations for 800 gold pieces
 43270 | Elf:3    | Bought the ring of Vain {rF+ EV+5 Str+3} for 1013 gold
                  | pieces
 43395 | Elf:3    | Reached XP level 24. HP: 173/173 MP: 22/41
 43508 | Elf:3    | Noticed Louise
 43513 | Elf:3    | Killed Louise
 44050 | Elf:3    | Identified the +5 hand axe of the Lumpy People {flame, rN+
                  | Will+}
 44050 | Elf:3    | Identified the +0 leather armour of Ucem {rC+ Will+ Stlth-}
 44213 | Elf:3    | Identified the +9 war axe of Nigeemor {flame, *Slow rC-
                  | Dex+5}
 44213 | Elf:3    | Identified the +0 robe "Pethrischox" {+Blink rF+}
 44213 | Elf:3    | Identified the ring of Boecum {rF+ rN+ Int+3}
 44510 | Elf:3    | Identified the +1 quarterstaff "Xoowkola" {heavy, Str+3}
 45083 | Elf:3    | Got the Essays on the Autopsy and Austromancy
 45085 | Elf:3    | Identified the +0 cloak "Ajeop" {+Blink rPois rF- Dex+5}
 45445 | Depths:1 | Entered Level 1 of the Depths
 45584 | Depths:1 | Found a magical portal.
 45592 | WizLab   | Entered Iskenderun's Mystic Tower
 46082 | WizLab   | Reached skill level 10 in Summonings
 46398 | WizLab   | Learned a level 8 spell: Lehudib's Crystal Spear
 46971 | WizLab   | Got the Almanac of Gathered Pollution
 47258 | Depths:1 | Found a gateway to Hell.
 47721 | Depths:1 | Found a sparkling altar of Nemelex Xobeh.
 48116 | Depths:1 | Found a blossoming altar of Fedhas.
 48480 | Depths:2 | Reached XP level 25. HP: 180/180 MP: 11/41
 48633 | Depths:2 | Found a one-way gate leading to the halls of Pandemonium.
 48633 | Depths:2 | Noticed Mara
 48636 | Depths:2 | Killed Mara
 49478 | Depths:3 | Reached skill level 15 in Conjurations
 49655 | Depths:3 | Reached skill level 15 in Summonings
 49809 | Depths:3 | You fall into a shaft and drop 1 floor!
 49809 | Depths:4 | Entered Level 4 of the Depths
 50108 | Depths:3 | Noticed the Enchantress
 50271 | Depths:3 | Killed the Enchantress
 50369 | Depths:3 | Found a one-way gate to the infinite horrors of the Abyss.
 50440 | Depths:3 | Identified the +8 demon trident of Irritation {freeze, Fly
                  | rElec Int+4}
 50487 | Depths:3 | Got the Parchment of Teratogeny and the Coward
 50532 | Depths:3 | Reached skill level 15 in Earth Magic
 51004 | Depths:3 | Found a one-way gateway to a ziggurat.
 51324 | Depths:3 | Reached XP level 26. HP: 145/187 MP: 24/42
 51635 | Depths:4 | Found a gate to the Realm of Zot.
 51922 | Depths:4 | Found a bloodstained altar of Trog.
 52825 | Slime:1  | Entered Level 1 of the Pits of Slime
 53556 | Slime:5  | Entered Level 5 of the Pits of Slime
 54026 | Slime:5  | Noticed the Royal Jelly
 54038 | Slime:5  | Killed the Royal Jelly
 54296 | Slime:5  | Identified the ring "Sierei" {+Blink rF+}
 54309 | Slime:5  | Identified the +1 eveningstar "Naim" {freeze, rF+ Dex+3}
 54324 | Slime:5  | Identified the +0 helmet "Jagadoink" {rCorr Int-3 Dex+3}
 54374 | Slime:5  | Got a slimy rune of Zot
 55103 | Zot:1    | Entered Level 1 of the Realm of Zot
 55387 | Zot:4    | Noticed a curse toe
 55390 | Zot:4    | Killed a curse toe
 55873 | Zot:5    | Entered Level 5 of the Realm of Zot
 56085 | Zot:5    | Reached XP level 27. HP: 197/197 MP: 18/44
 56503 | Zot:5    | Noticed an ancient lich
 56506 | Zot:5    | Killed an ancient lich
 56511 | Zot:5    | Noticed a dread lich
 56515 | Zot:5    | Killed a dread lich
 56516 | Zot:5    | Reached skill level 15 in Dodging
 56563 | Zot:5    | Noticed an orb of fire
 56564 | Zot:5    | Noticed a Killer Klown
 56567 | Zot:5    | Gained mutation: You are weak. (Str -2) [an orb of fire]
 56594 | Zot:5    | Killed a Killer Klown
 56700 | Zot:5    | Noticed a Killer Klown
 56710 | Zot:5    | Killed a Killer Klown
 56864 | Zot:5    | Noticed a dread lich
 56870 | Zot:5    | Killed a dread lich
 57066 | Zot:5    | Killed an orb of fire
 57067 | Zot:5    | Noticed a Killer Klown
 57079 | Zot:5    | Killed a Killer Klown
 57413 | Zot:5    | Noticed an orb of fire
 57413 | Zot:5    | Noticed an ancient lich
 57418 | Zot:5    | Gained mutation: Your body sometimes deteriorates upon
                  | taking damage. [an orb of fire]
 57420 | Zot:5    | Lost mutation: You have an increased reservoir of magic.
                  | (+10% MP) [an orb of fire]
 57421 | Zot:5    | Killed an ancient lich
 57421 | Zot:5    | Lost mutation: Your mind is acute. (Int +4, Str/Dex -1) [an
                  | orb of fire]
 57422 | Zot:5    | Killed an orb of fire
 57445 | Zot:5    | Noticed a dread lich
 57446 | Zot:5    | Noticed an ancient lich
 57446 | Zot:5    | Noticed an orb of fire
 57449 | Zot:5    | Killed a dread lich
 57450 | Zot:5    | Killed an ancient lich
 57457 | Zot:5    | Gained mutation: You occasionally lose the ability to drink
                  | potions when taking damage. [an orb of fire]
 57457 | Zot:5    | Killed an orb of fire
 58004 | Zot:5    | Lost mutation: You have large cloven feet. [potion of
                  | mutation]
 58004 | Zot:5    | Lost mutation: You are weak. (Str -2) [potion of mutation]
 58004 | Zot:5    | Lost mutation: You are agile. (Dex +4, Str/Int -1) [potion
                  | of mutation]
 58004 | Zot:5    | Gained mutation: Your spells are a little easier to cast,
                  | but a little less powerful. [potion of mutation]
 58004 | Zot:5    | Gained mutation: You are strong-willed. (Will+) [potion of
                  | mutation]
 58005 | Zot:5    | Lost mutation: Your spells are a little easier to cast, but
                  | a little less powerful. [potion of mutation]
 58005 | Zot:5    | Lost mutation: You are strong-willed. (Will+) [potion of
                  | mutation]
 58005 | Zot:5    | Lost mutation: You occasionally lose the ability to drink
                  | potions when taking damage. [potion of mutation]
 58005 | Zot:5    | Gained mutation: You passively dampen the noise of your
                  | surroundings. [potion of mutation]
 58005 | Zot:5    | Gained mutation: You are partially covered in iridescent
                  | scales. (AC +2) [potion of mutation]
 58005 | Zot:5    | Gained mutation: You possess an exceptional clarity of
                  | mind. [potion of mutation]
 58107 | Zot:5    | Got the Orb of Zot
 58191 | Zot:4    | Noticed Xiamp the pandemonium lord
 58202 | Zot:4    | Killed Xiamp the pandemonium lord
 58595 | D:1      | gg
 58596 | D:$      | Escaped with the Orb!

Illustrated notes

...###.........###.........##.#
...# #........## ##........##.###
...# #........# #........##....
...# #[.......## ##..).....######
.).# #.........###...).....#
...###.....................#
....##...###.....R...###...#
....##..## ##.......## ##..######
....##..# #...8...# #.......#
....+...## ##.......## ##........
....##...###.........###....###.#
....##......................###.#
....###........###....(.........#
....# #.......## ##..........####
##### #.......# #.......#(...#
#.......## ##.......#.##.#
#........###........#.##.##


Turn 58595 on D:1: gg

Levels and vault maps discovered:
D:1:      minmay_arrival_four_circles, layout_basic, st_stairs_14, minivault_27
D:2:      layout_basic
D:3:      layout_rooms, ebering_ghost_disaster_area,
          ebering_ecumenical_altar_sacrificial, uniq_crazy_yiuf_cottage,
          uniq_robin
D:4:      layout_cave_pools, mainiacjoe_overflow_catwalk,
          minmay_temple_entry_offerings
D:5:      layout_rooms, serial_shops, nicolae_shop_hallway_plus,
          lightli_corner_chamber, uniq_sigmund
D:6:      layout_gridville, grunt_decor_junction, uniq_edmund
D:7:      minmay_spotlight, layout_gridville, serial_co_window_serial,
          co_window_corner_a, co_window_corner_a, co_window_paths_b,
          co_window_corner_a, co_window_paths_a, co_window_broadway_b,
          co_window_corner_cb, co_window_unsneaky_path_b, co_window_2corner,
          co_window_broadway_a, co_window_paths_c, co_window_of_opportunity_b,
          co_window_paths_e, uniq_duvessa
D:8:      nzn_winding_woodlands_cross [nzn_winding_woodlands_5x15_split_checker,
          nzn_winding_woodlands_5x15_crooked, nzn_winding_woodlands_5x15_zeroes,
          nzn_winding_woodlands_5x15_river_crossing,
          nzn_winding_woodlands_15x15_eel_pit], layout_gridville,
          mainiacjoe_overflow_paths, nicolae_overflow_two_pavilions,
          grunt_temple_overflow_open, kennysheep_flooded_box,
          chequers_decorated_corner, minivault_27
D:9:      gammafunk_beogh_shrine, layout_cave_pools, tgw_sif, serial_ice,
          serial_ice_a, serial_ice_i, serial_ice_c, serial_ice_m, serial_ice_f
D:10:     layout_stronghold, mainiacjoe_overflow_large_starburst, demons_altar,
          ebering_ghost_rock_garden, st_stairs_8, minmay_lizard_king
D:11:     layout_cave_pods, lair_entry_dummy, uniq_harold, uniq_snorg
D:12:     layout_roguey, erik_orc_1
D:13:     minmay_octagon_keep, layout_loops_ring, uniq_josephine
D:14:     layout_basic, grunt_vaults_entry_tiered, gauntlet_entry_generic,
          kennysheep_cluttered_room
D:15:     grunt_enter_depths_giant_problem, layout_basic, kennysheep_doodads
Temple:   nicolae_temple_ecumenical_triangle
Lair:1:   beast_lair_carwin_large_3, layout_loops_ring, portal_ice_cave_rime,
          lemuel_fruit_fields, lemuel_fruit_fields, uniq_amaemon, uniq_joseph
Lair:2:   layout_long_grid, minmay_lair_oklob_items, uniq_fannar
Lair:3:   layout_gridlike, minmay_shoals_entry_centaurs, dummy_snake_entry,
          nzn_ghost_randoct, uniq_nergalle
Lair:4:   layout_loops_ring, uniq_kirke
Lair:5:   guppyfry_lair_end_dragon, layout_cellular_growth,
          hangedman_lair_caniforms_friends, minmay_slime_entry_oklob_open,
          serial_bayou_shore_a, grunt_megastairs_3
Shoals:1: layout_shoals, ebering_ghost_davey_jones
Shoals:2: layout_shoals, st_sunken_huts
Shoals:3: layout_shoals, nicolae_shoals_c_island, uniq_ilsuiw
Shoals:4: shoals_end_hangedman, layout_shoals, shoals_ilsuiw_alternative,
          serial_shops, nicolae_shop_trees, nicolae_shoals_water_booths
Snake:1:  layout_onion, uniq_roxanne
Snake:2:  layout_chambers, uniq_vashnia
Snake:3:  layout_gridlike, gammafunk_ghost_necromancy, special_room,
          minmay_shop_star, uniq_donald, uniq_aizul, uniq_bai_suzhen
Snake:4:  grunt_snake_rune_serpentine_throne, layout_basic
Slime:1:  layout_caves
Slime:2:  layout_caves
Slime:3:  layout_caves, special_room [special_room_jelly]
Slime:4:  nicolae_slime_jelly_donut, layout_caves
Slime:5
Orc:1:    layout_caves, serial_shops, nicolae_square_shop, uniq_maurice
Orc:2:    grunt_orc_community_town_hall, layout_diamond_mine,
          grunt_orc_community_big_house_2, grunt_orc_community_big_house_2,
          grunt_orc_community_house_2, grunt_orc_community_house_2,
          grunt_orc_community_house_3, grunt_orc_community_house_1,
          grunt_orc_community_house_1, grunt_orc_community_house_2,
          serial_shops, nicolae_shop_bloodbath_and_beyond
Elf:1:    layout_loops_corners, orc_legates
Elf:2:    elven_hall_of_blades_hangedman_original
          [nicolae_blade_entry_diamond_columns], layout_loops_cross
Elf:3:    elf_hall, layout_loops_corners, serial_shops, bzr_in_the_mist, shop,
          minmay_shop_grove, uniq_louise
Vaults:1: v_rooms_6, nicolae_vaults_circle_grid_a, gammafunk_sealed_arena,
          vaults_standard_mumra_lines, nicolae_vaults_network_s,
          ontoclasm_vaults_ring_large, v_pattern_2, v_misc_12,
          nicolae_vaults_angled_halls, layout_vaults_quadrants
Vaults:2: hangedman_vaults_stream, v_misc_13, minmay_crypt_entry_simple_box,
          nicolae_vaults_what_the_h, hangedman_vaults_capsules, v_misc_19,
          hangedman_vaults_stagger, hangedman_vaults_trim, grunt_vaults_twisty,
          vaults_room_hallway, nicolae_vaults_little_squares_4,
          grunt_vaults_hallway_short, layout_vaults_omnicross, serial_shops,
          shop, uniq_asterion, uniq_xtahua
Vaults:3: portal_desolation_entry_garden, ontoclasm_vaults_ring_large,
          v_misc_27, nicolae_vaults_little_squares_2, ontoclasm_vaults_fault,
          vaults_room_ringed_pool, vaults_mumra_bighexcomb,
          nicolae_vaults_network_barrier, v_rooms_4, hangedman_vaults_trim,
          vaults_room_door_ring, vaults_room_grid, vaults_dpeg_ring, v_misc_8,
          layout_vaults_maze_snakey, serial_shops, shop_coins,
          nicolae_lakefront_shop, nicolae_square_shop
Vaults:4: gammafunk_ghost_spectres, v_rooms_6, v_misc_29, vaults_room_corners,
          dpeg_vaults_pockets_of_resistance, vaults_room_semicircle,
          ontoclasm_vaults_ring_square, ontoclasm_vaults_ring_large, v_misc_26,
          v_misc_3, vaults_mumra_chevron, ontoclasm_vaults_chip,
          layout_vaults_ring
Vaults:5: serial_shops
Depths:1: layout_gridlike, mu_enter_wizlab_7, nemelex_spade_bored_becter,
          hangedman_coc_ice_floe, grunt_ministairs_14, minmay_liquid_box,
          fedhas_altar_3
Depths:2: dreamdust_hydra_shepherd, layout_basic, rand_demon_pan_entry_8,
          serial_bayou, serial_bayou_lagoon_a, serial_bayou_shore_b,
          serial_bayou_pond_b, serial_bayou_pond_c, kennysheep_big_empty_room,
          hell_entry, uniq_mara, uniq_josephina
Depths:3: minmay_the_grid_plus [minmay_the_grid_x, minmay_the_grid_paths,
          minmay_the_grid_zigzag_pyramid, minmay_the_grid_large_cup,
          minmay_the_grid_prize_trominoes], layout_small_grid, enter_ziggurat_b,
          hangedman_abyss_entry_splay, grunt_hell_entry_dis_old,
          rand_demon_pan_entry_3, serial_sigils, serial_sigils_hangedman_gut,
          serial_sigils_hangedman_gnaw, serial_sigils_hangedman_scratch,
          serial_sigils_hangedman_snap, uniq_enchantress
Depths:4: grunt_x_marks_the_spot, layout_twisted_cross, hell_entry,
          minmay_door_square, evilmike_spriggan_trog_shrine
Zot:1:    layout_onion_interference, uniq_vv
Zot:2:    dreamdust_zin_vs_xom, layout_gridville, st_large_dragon_hoard_1,
          uniq_parghit
Zot:3:    kennysheep_room_grid, layout_gridlike
Zot:4:    kennysheep_ambush_hall, layout_basic, grunt_megastairs_2
Zot:5:    layout_twisted_circle

Skill      XL: |  1  2  3  4  5  6  7  8  9 10 11 12 13 14 15 16 17 18 19 20 21 22 23 24 25 26 27 |
---------------+----------------------------------------------------------------------------------+-----
Fighting       | 1 2 3 4 5 6 9 10 12 14 15 16 17 18 20 | 20.0
Spellcasting   | 3 5 7 8 9 10 11 12 13 14 | 14.0
Necromancy     | 5 6 7 9 |  9.0
Dodging        | 3 4 7 8 9 10 11 13 14 15 | 15.0
Short Blades   | 2 |  2.0
Stealth        | 3 4 |  4.0
Evocations     | 5 6 7 8 |  8.0
Invocations    | 2 5 7 9 |  9.0
Transmutations | 5 8 10 11 13 | 13.0
Conjurations   | 4 7 10 11 14 16 17 | 17.0
Maces & Flails | 2 3 9 14 16 18 19 21 | 21.9
Axes           | 1 2 |  2.6
Earth Magic    | 6 11 13 14 16 | 16.0
Translocations | 6 10 11 13 | 13.9
Summonings     | 3 6 12 15 | 15.0

Action                     |  1- 3 |  4- 6 |  7- 9 | 10-12 | 13-15 | 16-18 | 19-21 | 22-24 | 25-27 || total
---------------------------+-------+-------+-------+-------+-------+-------+-------+-------+-------++-------
  Melee: Whip              |    17 |       |       |       |       |       |       |       |       ||    17
         Unarmed           |     2 |       |       |       |    66 |   345 |       |       |       ||   413
         Dagger            |       |    44 |    64 |    38 |       |       |       |       |       ||   146
         Punch             |       |     2 |     2 |     3 |    15 |    12 |       |       |       ||    34
         Short sword       |       |       |       |   173 |   755 |       |       |       |       ||   928
         Flail             |       |       |       |       |       |   363 |       |       |       ||   363
         Giant spiked club |       |       |       |       |       |    59 |   542 |   861 |   871 ||  2333
         Kick              |       |       |       |       |       |    13 |   134 |    42 |    38 ||   227
  Throw: Throwing net      |       |       |       |       |       |       |       |       |     2 ||     2
   Cast: Necrotise         |    64 |    84 |   164 |   173 |    19 |       |       |       |       ||   504
         Vampiric Draining |       |       |    10 |    25 |    23 |     2 |       |       |       ||    60
         Agony             |       |       |       |     6 |     8 |     2 |       |       |       ||    16
         Irradiate         |       |       |       |     3 |    61 |    32 |    16 |     7 |     9 ||   128
         Statue Form       |       |       |       |       |    10 |    75 |    72 |    73 |    49 ||   279
         Apportation       |       |       |       |       |     2 |       |       |       |       ||     2
         Manifold Assault  |       |       |       |       |       |       |    88 |   456 |   462 ||  1006
         Spellforged Servi |       |       |       |       |       |       |       |       |    10 ||    10
 Invoke: Ancestor Identity |       |       |     1 |       |       |       |       |       |       ||     1
         Recall Ancestor   |       |       |     1 |     3 |     5 |     4 |     1 |       |     7 ||    21
         Ancestor Life: Ba |       |       |     1 |       |       |       |       |       |       ||     1
         Idealise          |       |       |       |       |       |     2 |     1 |     1 |     1 ||     5
         Transference      |       |       |       |       |       |       |       |     1 |       ||     1
Ability: End Transformatio |       |       |       |       |       |     2 |     1 |       |     1 ||     4
         Dig               |       |       |       |       |       |     1 |       |       |       ||     1
  Evoke: Wand              |       |       |       |    10 |     3 |       |     2 |     1 |     1 ||    17
         Tin of tremorston |       |       |       |       |     3 |     6 |     5 |     3 |       ||    17
         Condenser vane    |       |       |       |       |       |       |     2 |     1 |     1 ||     4
         Phial of floods   |       |       |       |       |       |       |       |     1 |     1 ||     2
    Use: Scroll            |       |     2 |     4 |     7 |     9 |    13 |     6 |     7 |     9 ||    57
         Potion            |       |       |       |     2 |     2 |     1 |     6 |     5 |     4 ||    20
   Stab: Distracted        |       |       |     1 |     2 |    15 |    14 |     7 |     3 |     8 ||    50
         Sleeping          |       |       |       |     2 |     3 |     1 |       |     1 |     1 ||     8
         Confused          |       |       |       |       |     1 |       |       |       |       ||     1
         Invisible         |       |       |       |       |       |       |     1 |       |       ||     1
 Armour: Robe              |    11 |    20 |    23 |    24 |    42 |       |       |     3 |     6 ||   129
         Leather armour    |       |       |       |    12 |       |       |       |       |       ||    12
         Troll leather arm |       |       |       |    21 |   249 |    42 |    14 |     6 |       ||   332
         Skin              |       |       |       |       |    40 |   522 |   360 |    99 |   102 ||  1123
  Dodge: Dodged            |    24 |    46 |    70 |   285 |  1286 |  1539 |   835 |   316 |   331 ||  4732

Table legend: (Time is in decaauts)
 A = Elapsed time spent in this place.
 B = Non-inter-level travel time spent in this place.
 C = Inter-level travel time spent in this place.
 D = Time resting spent in this place.
 E = Time spent auto-exploring this place.
 F = Levels seen in this place.
 G = Mean time per level.
                   A        B        C        D        E       F      G
               +--------+--------+--------+--------+--------+-----+--------+
         Total |  64829 |  58952 |   5877 |  16043 |  27083 |  58 | 1117.7 |
       Dungeon |  17002 |  14370 |   2632 |   3183 |   7273 |  15 | 1133.5 |
        Temple |     74 |     74 |      0 |     42 |      0 |   1 |   74.0 |
          Lair |   6647 |   5881 |    766 |   1106 |   3012 |   5 | 1329.4 |
        Shoals |   4094 |   3702 |    392 |    471 |   1959 |   4 | 1023.5 |
     Snake Pit |   4851 |   4588 |    263 |    346 |   2968 |   4 | 1212.8 |
    Slime Pits |   2024 |   1936 |     88 |   1218 |    292 |   5 |  404.8 |
  Orcish Mines |   1651 |   1367 |    284 |     64 |    885 |   2 |  825.5 |
   Elven Halls |   4606 |   4335 |    271 |   1437 |   2008 |   3 | 1535.3 |
        Vaults |   7135 |   6656 |    479 |   1491 |   3558 |   5 | 1427.0 |
        Depths |   6537 |   6083 |    454 |   2002 |   2809 |   4 | 1634.2 |
           Zot |   3659 |   3414 |    245 |   1846 |    490 |   5 |  731.8 |
        Bazaar |    102 |    102 |      0 |      0 |     67 |   1 |  102.0 |
      Ice Cave |   2737 |   2737 |      0 |   1348 |    540 |   1 | 2737.0 |
        Wizlab |   1802 |   1802 |      0 |   1232 |    222 |   1 | 1802.0 |
    Desolation |    943 |    943 |      0 |    190 |    375 |   1 |  943.0 |
      Gauntlet |    959 |    959 |      0 |     64 |    623 |   1 |  959.0 |
               +--------+--------+--------+--------+--------+-----+--------+

Top non-repeatable levels by time:
   IceCv: 2737 daAuts
   Zot:5: 2627 daAuts
   Elf:3: 2544 daAuts
  Lair:5: 2345 daAuts
Vaults:1: 2008 daAuts
Vaults:4: 1985 daAuts
     D:8: 1838 daAuts
  WizLab: 1802 daAuts
    D:14: 1755 daAuts
Depths:4: 1723 daAuts
Depths:2: 1695 daAuts
Vaults:2: 1658 daAuts
Depths:3: 1647 daAuts
 Snake:4: 1538 daAuts
Vaults:3: 1477 daAuts
